 Dungeon Crawl Stone Soup version 0.22.0-27-ga576289 (webtiles) character file.

939 HallandMoats the Skirmisher (level 7, 0/64 HPs)
             Began as a Minotaur Fighter on Aug 22, 2018.
             Was a Follower of Okawaru.
             Slain by an orc warrior
             ... wielding a +0 hand axe
              (8 damage)
             ... on level 6 of the Dungeon.
             The game lasted 00:06:56 (6093 turns).

HallandMoats the Skirmisher (Minotaur Fighter)      Turns: 6093, Time: 00:06:57

Health: 0/64       AC:  8    Str: 26    XL:     7   Next: 87%
Magic:  7/7        EV: 12    Int:  5    God:    Okawaru [*.....]
Gold:   332        SH:  4    Dex: 11    Spells: 7/7 levels left

rFire    . . .     SeeInvis .   a - +0 war axe
rCold    . . .     Gourm    .   g - +0 buckler
rNeg     . . .     Faith    .   b - +0 scale mail
rPois    .         Spirit   .   (helmet restricted)
rElec    .         Reflect  .   (no cloak)
rCorr    .         Harm     .   (no gloves)
MR       +....                  y - +0 pair of boots
Stlth    +.........             (no amulet)
HPRegen  0.20/turn              h - ring of stealth
MPRegen  0.10/turn              x - ring of protection from magic

@: mighty, drained
A: retaliatory headbutt, horns 2
a: Heroism, Renounce Religion


You were on level 6 of the Dungeon.
You worshipped Okawaru.
Okawaru was aware of your devotion.
You were near starving.

You visited 2 branches of the dungeon, and saw 8 of its levels.

You collected 332 gold pieces.

Inventory:

Hand Weapons
 a - a +0 war axe (weapon)
Armour
 b - a +0 scale mail (worn)
 g - a +0 buckler (worn)
 y - a +0 pair of boots (worn)
Jewellery
 h - a ring of stealth (left hand)
 x - a ring of protection from magic (right hand)
Wands
 s - a wand of flame (23)
 v - a wand of disintegration (15)
Scrolls
 e - a scroll of enchant weapon {unknown}
 i - 5 scrolls of identify
 n - 3 scrolls of teleportation {unknown}
 p - a scroll of enchant armour {unknown}
 q - 6 scrolls of remove curse {unknown}
 w - a scroll of amnesia {unknown}
Potions
 j - 3 potions of lignification {unknown}
 k - 2 potions of invisibility {unknown}
 l - 5 potions of curing {unknown}
 m - 2 potions of flight {unknown}
 o - 3 potions of degeneration {unknown}
 r - a potion of cancellation {unknown}
 t - a potion of resistance {unknown}
Comestibles
 f - 16 rations


   Skills:
 * Level 6.4(5.6) Fighting
 * Level 5.0(4.2) Axes
 * Level 5.5(4.8) Armour
 * Level 4.9(4.2) Dodging
 - Level 4.8(4.1) Shields
 + Level 0.8(0.1) Spellcasting
 + Level 1.2(0.5) Invocations


You had 7 spell levels left.
You didn't know any spells.
Your spell library was empty.

Dungeon Overview and Level Annotations

Branches:
Dungeon (7/15)             Temple (1/1) D:4

Altars:
Ashenzari
Cheibriados
Dithmenos
Elyvilon
Fedhas
Gozag
Hepliaklqana
Kikubaaqudgha
Makhleb
Nemelex Xobeh
Okawaru
Qazlal
Ru
Sif Muna
Trog
Uskayaw
Wu Jian
Xom
Yredelemnul
Zin
The Shining One

Shops:
D:4 [

Annotations:
D:4 2 transporters, sand's ghost, amateur BaIE


Innate Abilities, Weirdness & Mutations

You reflexively headbutt those who attack you in melee.
You have a pair of horns on your head.


Message History

You headbutt the orc warrior, but do no damage.
The orc warrior is severely wounded.
You block the orc warrior's attack.
You hit the orc warrior.
You headbutt the orc warrior, but do no damage.
The orc warrior is severely wounded.
The orc warrior hits you with a hand axe.
* * * LOW HITPOINT WARNING * * *
The orc warrior hits you with a hand axe!
* * * LOW HITPOINT WARNING * * *
There is a stone staircase leading down, spattered with blood here.
The orc priest miscasts a cantrip.
You feel very mighty all of a sudden.
You barely miss the orc warrior.
You headbutt the orc warrior, but do no damage.
The orc warrior is severely wounded.
The orc warrior barely misses you.
The orc priest begins to cast a cantrip, but forgets the words!
The orc warrior hits you with a hand axe!
You die...

######.### #.#)##
##........# #.#.).
##.'........#
#.#### # .
.#....)...## #.# ##
#. .. . #.........#
#.# #. #.##'#.
#.........###.# #.
#.....#
#.....)...#...# #.
#.....#
##.........#.#####.
.#.#####.(..#
#.@........#.....#.
.......#....#
#o########.#..##.#.
..#.......[###.###
#....#....
.........o)"o...#
####.#..##
#.##.....##))#.#
#....#..#
###........##..#.#
#.#######
##..............#.#
###.#
.........#####.##.#
#...# ......_..#
#.# .# #.#######


You could see an orc warrior and an orc priest.

Vanquished Creatures
  2 ogres
  3 wights (D:6)
  A centaur zombie (D:5)
  5 orc priests
  An iguana (D:4)
  2 bullfrog skeletons
  A gnoll shaman (D:6)
  3 orc wizards (D:3)
  A worker ant (D:5)
  5 gnolls
  5 adders
  A shadow imp (D:6)
  2 oozes (D:4)
  An adder zombie (D:6)
  2 adder skeletons (D:4)
  7 dart slugs
  10 leopard geckos
  13 orcs
  8 bats
  4 giant cockroaches
  8 goblins
  6 hobgoblins
  7 jackals (D:6)
  2 quokkas
  A ball python (D:3)
  10 frilled lizards
  9 kobolds
  7 rats
127 creatures vanquished.

Notes
Turn   | Place    | Note
-------+----------+-------------------------------------------
     0 | D:1      | HallandMoats the Minotaur Fighter began the quest for the Orb.
     0 | D:1      | Reached XP level 1. HP: 19/19 MP: 0/0
   169 | D:1      | Reached XP level 2. HP: 24/27 MP: 1/1
   223 | D:1      | Reached skill level 4 in Fighting
   223 | D:1      | Reached skill level 1 in Dodging
   535 | D:1      | Reached XP level 3. HP: 31/33 MP: 2/2
  1220 | D:2      | Reached XP level 4. HP: 34/41 MP: 3/3
  2569 | D:3      | Reached XP level 5. HP: 37/47 MP: 4/4
  2575 | D:3      | Reached skill level 5 in Fighting
  3315 | D:3      | Reached XP level 6. HP: 26/56 MP: 5/5
  3675 | D:4      | Found Rajibbao's Antique Armour Boutique.
  3808 | D:4      | Found a transporter.
  3845 | D:4      | Noticed sand's ghost (amateur BaIE)
  3849 | D:4      | Found a transporter.
  3996 | D:4      | Found a staircase to the Ecumenical Temple.
  4048 | Temple   | Entered the Ecumenical Temple
  4161 | Temple   | Became a worshipper of Warmaster Okawaru
  4221 | D:4      | Found a sparkling altar of Nemelex Xobeh.
  4239 | D:5      | Entered Level 5 of the Dungeon
  4268 | D:5      | Reached XP level 7. HP: 53/62 MP: 6/6
  4969 | D:6      | Reached skill level 5 in Armour
  5051 | D:6      | Reached skill level 6 in Fighting
  5468 | D:6      | Found an opulent altar of Gozag.
  5479 | D:6      | Reached * piety under Okawaru
  5479 | D:6      | Reached skill level 1 in Invocations
  5884 | D:6      | Reached skill level 5 in Axes
  6093 | D:6      | Slain by an orc warrior

Skill      XL: |  1  2  3  4  5  6  7 |
---------------+----------------------+-----
Fighting       | 4 5 6 |  6.4
Dodging        | 1 2 3 4 |  4.9
Shields        | 4 |  4.8
Axes           | 3 4 5 |  5.0
Armour         | 4 5 |  5.5
Invocations    | 1 |  1.2
Spellcasting   | |  0.8

Action                   |  1- 3 |  4- 6 |  7- 9 || total
-------------------------+-------+-------+-------++-------
Melee: War axe           |   102 |   139 |    99 ||   340
       Headbutt          |    10 |    25 |    25 ||    60
  Use: Scroll            |       |       |     1 ||     1
       Potion            |       |       |     1 ||     1
  Eat: Chunk             |     1 |    10 |     4 ||    15
Armor: Scale mail        |    52 |    48 |    26 ||   126
Dodge: Dodged            |    32 |    56 |    60 ||   148
Block: Shield            |    55 |    23 |       ||    78
       Buckler           |       |    33 |    34 ||    67
